 Dungeon Crawl Stone Soup version 0.20.0-9-g8272e65 (webtiles) character file.

58 Kosschaser the Skirmisher (level 3, -3/29 HPs)
             Began as a Demonspawn Fighter on June 3, 2017.
             Slain by a hound (4 damage)
             ... on level 3 of the Dungeon.
             The game lasted 00:02:47 (1608 turns).

Kosschaser the Skirmisher (Demonspawn Fighter)      Turns: 1608, Time: 00:02:47

Health: -3/29      AC:  9    Str: 17    XL:     3   Next: 75%
Magic:  3/3        EV:  7    Int:  9    God:
Gold:   97         SH:  9    Dex: 12    Spells: 2/2 levels left

rFire    . . .     SeeInvis .   a - +0 long sword
rCold    . . .     Gourm    .   c - +0 shield
rNeg     . . .     Faith    .   b - +0 scale mail
rPois    .         Spirit   .   (helmet restricted)
rElec    .         Reflect  .   e - +0 cloak
rCorr    .         Harm     .   s - +0 pair of gloves
MR       .....                  (no boots)
Stlth    ..........             (no amulet)
Regen    0.1/turn               (no ring)
MPRegen  0.1/turn               (no ring)

@: lethally poisoned (-3 -> -9)
A: horns 1
a: no special abilities


You were on level 3 of the Dungeon.
You were not hungry.

You visited 1 branch of the dungeon, and saw 3 of its levels.

You collected 97 gold pieces.

Inventory:

Hand Weapons
 a - a +0 long sword (weapon)
Armour
 b - a +0 scale mail (worn)
 c - a +0 shield (worn)
 e - a +0 cloak (worn)
 s - a +0 pair of gloves (worn)
Scrolls
 h - 4 scrolls of identify {unknown}
 j - a scroll of recharging {unknown}
 k - 2 scrolls of enchant armour {unknown}
 l - a scroll of teleportation {unknown}
 m - 2 scrolls of remove curse {unknown}
 u - a scroll of blinking {unknown}
Potions
 d - a potion of might
 n - a potion of agility {unknown}
 p - a potion of lignification {unknown}
 q - a potion of flight {unknown}
 r - a potion of curing
 v - a potion of haste {unknown}
 w - a potion of cancellation {unknown}
Comestibles
 f - a bread ration
 g - 3 royal jellies
 i - a fruit
 o - a meat ration


   Skills:
 + Level 3.6 Fighting
 + Level 2.0 Long Blades
 + Level 3.3 Armour
 + Level 0.5 Dodging
 + Level 2.9 Shields


You had 2 spell levels left.
You didn't know any spells.

Dungeon Overview and Level Annotations

Branches:
Dungeon (3/15)

Altars:
Kikubaaqudgha
Makhleb
Ru


Innate Abilities, Weirdness & Mutations

You have a pair of small horns on your head.


Message History

The hound is almost dead.
* * * LOW HITPOINT WARNING * * *
You feel sick. You block the hound's attack.
The hound bites you but does no damage.
Your shield and scale mail prevent you from hitting the hound.
The hound is almost dead.
* * * LOW HITPOINT WARNING * * *
You feel sick. The hound bites you.
* * * LOW HITPOINT WARNING * * *
You block the hound's attack.
Your shield prevents you from hitting the hound.
Your headbutt misses the hound.
The hound is almost dead.
* * * LOW HITPOINT WARNING * * *
You feel sick.
The hound bites you but does no damage. x2
You closely miss the hound.
The hound is almost dead.
* * * LOW HITPOINT WARNING * * *
You feel sick. The hound bites you.
You die...

#................##
#.........##.##..## <
#......>(.#.....(.# .g#
#...........#.#.#.# #
#..#.....(...........#
..##....g.(....#.#)#.#.#
#.....h..(>....#.......#
∩_....##h........#.#.#.#
#.....)@....####.......#
#.######.##......#.#..##
#.#######.#...## ..#
#<..### .### ##...#
###.# ###


You could see a hound and a goblin.

Vanquished Creatures
  An ooze (D:1)
  A worm (D:2)
  A dart slug (D:1)
  A leopard gecko (D:2)
  4 bats (D:1)
  8 hobgoblins
  4 jackals (D:1)
  3 frilled lizards
  7 goblins
  7 kobolds
  8 rats
45 creatures vanquished.

Notes
Turn   | Place    | Note
-------+----------+-------------------------------------------
     0 | D:1      | Kosschaser the Demonspawn Fighter began the quest for the Orb.
     0 | D:1      | Reached XP level 1. HP: 18/18 MP: 1/1
    90 | D:1      | Gained mutation: You have a pair of small horns on your head. [demonic ancestry]
    90 | D:1      | Reached XP level 2. HP: 18/24 MP: 2/2
   511 | D:1      | Reached XP level 3. HP: 27/29 MP: 3/3
  1191 | D:2      | Found a sacrificial altar of Ru.
  1414 | D:2      | Found an ancient bone altar of Kikubaaqudgha.
  1597 | D:3      | Found a burning altar of Makhleb.
  1608 | D:3      | HP: 1/29 [poisoned by a kobold]
  1608 | D:3      | Slain by a hound

Skill      XL: |  1  2  3 |
---------------+----------+-----
Armour         | 3 |  3.3
Long Blades    | 2 |  2.0
Fighting       | |  3.6
Dodging        | |  0.5
Shields        | |  2.9

Action                   || total
-------------------------++-------
Melee: Long sword        ||   112
       Headbutt          ||    21
  Eat: Chunk             ||     2
Armor: Scale mail        ||    77
Dodge: Dodged            ||    54
Block: Shield            ||    65
       Rpst.: Long sword ||    18
